Map: Chantier naval orbital

Players

xXwallecXx

  • Race: Terran Terran
  • League: Silver

Snake - Winner!

  • Race: Protoss Protoss
  • League: Silver

VOD

Have the link to the VOD?

Description

Time

  • Played on: Aug. 10, 2015, 1:30 p.m.
  • Length: 17:49
Show
View Real Time Build Order
Export as new Build Order

xXwallecXx Terran 

Build Orders: Reaper Expand 

Get SALT Encoding   

  12  0:01  SCV  
  13  0:13  Supply Depot  
  13  0:18  SCV  
  14  0:30  SCV  
  14  0:31  Refinery  
  15  0:42  SCV  
  16  0:46  Barracks  
  16  0:54  SCV  
  17  1:13  SCV  
  18  1:26  SCV  
  19  1:34  Reaper  
  20  1:41  Command Center  
  20  1:43  Orbital Command  
  20  2:01  Factory  
  20  2:07  Marine  
  21  2:17  SCV  
  21  2:21  Supply Depot, Refinery  
  22  2:28  Marine  
  23  2:43  SCV  
  24  2:45  Marine  
  24  2:49  Widow Mine  
  27  2:55  SCV  
  27  2:57  Supply Depot  
  28  2:59  Supply Depot  
  28  3:05  Barracks  
  28  3:07  SCV  
  29  3:19  SCV  
  27  3:28  Factory Tech Lab  
  27  3:34  Marine  
  28  3:43  SCV  
  28  3:48  Orbital Command  
  29  3:52  Marine  
  29  3:55  SCV  
  31  3:57  Siege Tank  
  31  3:59  Barracks Tech Lab  
  31  4:00  Barracks  
  34  4:07  SCV  
  35  4:10  Marine  
  35  4:12  Barracks  
  35  4:13  SCV  
  37  4:20  Stimpack  
  37  4:25  Marauder  
  37  4:28  Marine  
  40  4:36  SCV  
  40  4:37  SCV  
  42  4:46  Marine  
  42  4:48  SCV  
  42  4:49  SCV  
  45  4:54  Starport  
  45  4:57  Engineering Bay  
  45  5:01  SCV x2  
  47  5:08  Barracks Reactor  
  47  5:10  Siege Tank  
  47  5:13  SCV x2, Barracks Tech Lab  
  52  5:17  Marine  
  52  5:18  Marine  
  54  5:22  Command Center  
  54  5:25  SCV x2  
  56  5:29  Refinery  
  56  5:35  Marine  
  56  5:37  SCV x2, Starport Reactor  
  56  5:38  Terran Infantry Weapons Level 1  
  59  5:49  SCV x2  
  61  5:52  Marine  
  62  5:58  Supply Depot  
  62  5:59  Supply Depot x2  
  62  6:01  Supply Depot  
  62  6:19  Marine x5  
  62  6:25  Medivac  
  69  6:26  Medivac  
  69  6:28  SCV  
  72  6:34  Orbital Command  
  72  6:37  Marine x5  
  77  6:43  Refinery  
  74  6:55  Marine x2  
  74  6:56  Marauder  
  78  7:04  Marine x2  
  80  7:13  Marine x2  
  82  7:16  Marine  
  82  7:22  Marine x2  
  83  7:31  Marauder, Marine  
  83  7:34  Marine  
  87  7:37  Siege Tank  
  87  7:39  Marine  
  87  7:40  Marine  
  87  7:42  Medivac  
  87  7:43  SCV, Medivac  
  97  7:48  Marine  
  98  7:52  Marine x2  
  98  7:56  Barracks  
  98  7:57  Marine x2  
  101  7:58  Barracks  
  94  8:06  Marine  
  94  8:09  Siege Tank  
  94  8:10  Marauder, Marine  
  90  8:41  Siege Tank  
  90  8:43  Marine x4  
  90  8:44  Marine  
  98  8:49  Medivac x2  
  98  8:54  Engineering Bay  
  102  9:00  Supply Depot  
  102  9:01  Supply Depot, Marine x4  
  102  9:02  Marauder  
  108  9:04  Supply Depot  
  108  9:19  Marine  
  108  9:22  Marine x5  
  108  9:23  Marine  
  115  9:27  Orbital Command  
  115  9:36  Marine  
  116  9:39  Marine x4  
  116  9:40  Marine x2  
  122  9:54  Marine  
  122  9:57  Marine x4  
  122  9:58  Marine, Marauder  
  112  10:15  Marine  
  112  10:16  Marine  
  112  10:19  Marauder  
  108  10:32  Marine x4  
  108  10:33  Marine  
  108  10:34  Marine  
  97  10:41  Marauder  
  90  10:49  Marine  
  89  10:50  Marine x3  
  89  10:51  Marine  
  89  10:52  Marauder  
  96  11:01  Marine  
  97  11:04  Siege Tank  
  97  11:07  Marine x2, Medivac  
  97  11:08  Marine x2  
  97  11:09  Marine  
  107  11:14  Marauder  
  101  11:19  Marine  
  101  11:25  Marine x3  
  80  11:26  Marine x2  
  73  11:35  Marauder  
  73  11:37  Marine  
  76  11:43  Marine x4  
  76  11:44  Marine  
  81  11:55  Marauder  
  81  11:56  Marine  
  81  12:00  Orbital Command  
  81  12:01  Siege Tank, Marine x4  
  88  12:02  Marine  
  88  12:05  Medivac  
  94  12:14  Marine  
  95  12:16  Marine  
  95  12:17  Terran Infantry Armor Level 1  
  95  12:19  Marine x4  
  95  12:20  Marine  
  101  12:32  Marauder  
  101  12:34  Medivac  
  101  12:35  Medivac, Marauder  
  101  12:36  Marine  
  101  12:37  Marine  
  110  12:38  Combat Shields, Concussive Shells  
  110  12:40  Marine  
  114  12:52  Barracks Tech Lab  
  114  12:53  Marauder  
  114  12:54  Marine  
  114  12:56  Marauder  
  117  13:02  Siege Tank, Marine x2  
  117  13:03  Barracks Tech Lab  
  117  13:04  Medivac  
  124  13:12  Marine  
  124  13:14  Marine  
  124  13:17  Marauder  
  127  13:20  Marine  
  128  13:34  Siege Tank  
  131  13:55  Marine x2  
  133  14:03  Supply Depot x2  
  133  14:04  Marine x2, Marauder  
  133  14:05  Marine x2  
  133  14:06  Supply Depot x2, Siege Tank  
  133  14:07  Supply Depot  
  123  14:13  Marine x2  
  124  14:22  Marine  
  124  14:23  Marauder, Marine  
  129  14:25  Marine  
  129  14:28  Armory  
  129  14:30  Supply Depot, Medivac x2  
  129  14:31  Marine x2  
  134  14:32  Supply Depot  
  134  14:36  Marauder  
  132  14:40  Marine  
  132  14:41  Marauder  
  132  14:43  Marauder  
  132  14:45  Marauder  
  118  14:49  Marine  
  114  14:57  Marauder  
  116  15:00  Medivac x2  
  116  15:05  Marauder  
  120  15:07  Marine  
  120  15:08  Marine x2  
  120  15:09  Marauder x2  
  120  15:13  SCV x2  
  120  15:14  SCV  
  124  15:19  Marauder  
  126  15:25  SCV, Terran Infantry Weapons Level 2, Marine x2  
  126  15:26  SCV, Marauder, Marine  
  133  15:30  Medivac, Marauder x2  
  136  15:37  Orbital Command  
  136  15:40  Marauder  
  135  15:43  Marine x3  
  135  15:47  Marauder  
  140  15:51  Marauder  
  140  15:52  Marauder  
  138  16:01  Marine x4  
  141  16:30  Missile Turret  
  141  16:32  Missile Turret  
  77  16:50  Missile Turret  
Show
View Real Time Build Order
Export as new Build Order

Snake Protoss - Winner!

Build Orders: 1 Gate Expand 

Get SALT Encoding   

  12  0:15  Probe, Pylon  
  13  0:27  Probe (Chrono Boost)  
  14  0:35  Gateway  
  14  0:40  Probe (Chrono Boost)  
  15  0:48  Probe (Chrono Boost)  
  16  0:57  Probe  
  17  0:58  Assimilator  
  17  1:09  Probe  
  18  1:21  Probe  
  19  1:29  Nexus  
  19  1:33  Probe  
  19  1:37  Cybernetics Core  
  20  1:45  Probe  
  21  1:47  Pylon  
  21  1:57  Probe, Assimilator  
  22  2:09  Probe (Chrono Boost)  
  22  2:11  Gateway  
  23  2:22  Mothership Core (Chrono Boost)  
  25  2:27  Warp Gate (Chrono Boost)  
  25  2:34  Adept (Chrono Boost)  
  27  2:46  Gateway  
  27  2:51  Probe (Chrono Boost)  
  27  2:52  Probe (Chrono Boost)  
  27  2:54  Pylon  
  29  3:04  Probe x2 (Chrono Boost)  
  31  3:12  Probe  
  32  3:14  Stalker x2 (Chrono Boost)  
  36  3:29  Twilight Council  
  36  3:30  Probe x2  
  38  3:40  Robotics Facility  
  38  3:42  Probe x2  
  40  3:54  Probe  
  40  3:55  Probe  
  42  4:06  Probe, Blink (Chrono Boost)  
  42  4:07  Probe  
  42  4:09  Assimilator  
  44  4:13  Assimilator  
  44  4:14  Pylon  
  44  4:17  Pylon  
  44  4:19  Probe (Chrono Boost)  
  46  4:25  Probe (Chrono Boost)  
  46  4:28  Observer  
  46  4:30  Zealot  
  46  4:31  Zealot  
  51  4:35  Adept  
  53  4:46  Probe x2  
  53  4:49  Observer (Chrono Boost)  
  56  4:58  Probe  
  57  5:04  Nexus  
  57  5:10  Pylon  
  57  5:15  Pylon  
  57  5:16  Templar Archives  
  57  5:20  Gateway  
  57  5:24  Gateway  
  57  5:26  Gateway  
  57  5:34  Immortal (Chrono Boost)  
  61  5:39  Zealot x2  
  65  6:05  Robotics Bay  
  65  6:14  Immortal (Chrono Boost), Forge  
  65  6:15  Forge  
  65  6:18  Adept x3  
  75  6:25  Psionic Storm  
  75  6:28  Probe  
  75  6:29  Probe x2  
  78  6:40  Probe, Pylon  
  78  6:41  Pylon  
  78  6:45  High Templar x2  
  83  6:50  Probe  
  83  6:51  Probe  
  83  6:53  Probe  
  86  7:03  Probe x2  
  86  7:05  Probe  
  89  7:22  Disruptor (Chrono Boost)  
  92  7:23  Disruptor  
  92  7:45  Charge (Chrono Boost)  
  89  8:12  Probe x2  
  85  8:13  Probe  
  85  8:16  Assimilator  
  85  8:19  Stalker x5  
  88  8:20  High Templar  
  88  8:21  Assimilator  
  88  8:24  Probe  
  88  8:25  Probe  
  92  8:48  Nexus  
  92  8:51  Photon Cannon  
  92  8:52  Photon Cannon  
  92  8:55  Photon Cannon  
  92  8:56  Pylon  
  92  9:01  Nexus, Pylon  
  92  9:02  Pylon  
  92  9:04  Pylon  
  92  9:07  Gateway  
  92  9:09  Gateway  
  92  9:11  Gateway  
  92  9:13  Gateway  
  95  9:17  Pylon  
  95  9:19  Pylon  
  95  9:21  Disruptor (Chrono Boost)  
  95  9:22  Pylon  
  95  9:33  Photon Cannon  
  95  9:39  Photon Cannon  
  95  9:45  Gateway x2  
  95  9:48  Gateway  
  95  9:49  Gateway  
  95  9:51  Disruptor  
  95  9:52  High Templar x2  
  95  9:53  Zealot  
  95  9:55  Disruptor (Chrono Boost)  
  94  10:07  Archon  
  94  10:08  Zealot x3  
  91  10:26  Immortal (Chrono Boost)  
  88  10:44  Disruptor x2  
  88  10:47  Probe x2  
  90  10:58  Stalker x4  
  90  10:59  Stalker, Probe x2  
  90  11:03  Warp Prism (Chrono Boost)  
  104  11:09  Probe  
  104  11:11  Probe x2  
  99  11:21  Probe  
  99  11:23  Probe x2  
  85  11:33  Probe  
  85  11:35  Probe x2  
  85  11:38  High Templar x2  
  85  11:39  Zealot x3  
  98  11:40  Zealot x4  
  98  11:45  Probe  
  107  11:56  Probe  
  107  11:57  Protoss Ground Weapons Level 1 (Chrono Boost)  
  107  11:59  Protoss Ground Armor Level 1 (Chrono Boost)  
  108  12:05  Nexus  
  108  12:13  Probe x3  
  111  12:20  Assimilator  
  111  12:22  Assimilator  
  111  12:25  Probe x3  
  114  12:31  Dark Shrine  
  114  12:45  Pylon  
  114  12:46  Nexus, Pylon  
  114  12:48  Pylon  
  114  12:53  Pylon  
  114  12:54  Pylon  
  114  13:03  Probe x3  
  117  13:15  Probe x3, Assimilator  
  123  13:20  Assimilator  
  123  13:23  Disruptor (Chrono Boost)  
  123  13:27  Probe x2, High Templar x3  
  123  13:28  Zealot x2, High Templar x2  
  123  13:29  Zealot x3  
  123  13:31  Archon x2  
  123  13:33  Assimilator  
  145  13:42  Pylon  
  145  13:43  Pylon  
  145  13:45  Pylon  
  143  14:07  Disruptor x2  
  139  14:11  Stalker  
  139  14:12  Stalker x5  
  139  14:13  Stalker x3  
  139  14:14  Stalker  
  159  14:24  Pylon  
  159  14:26  Pylon  
  159  14:28  Pylon  
  159  14:33  Pylon  
  159  14:38  Pylon  
  153  14:42  Pylon  
  127  15:23  Dark Templar  
  127  15:24  Dark Templar x6  
  141  15:35  Dark Templar x3  
  143  15:38  Nexus  
  133  15:56  Stalker x3  
  133  15:57  Stalker x4  
  141  16:01  Nexus  
  147  16:13  High Templar  
  147  16:14  High Templar x2  
  153  16:20  High Templar x3  
  153  16:22  Archon  
  153  16:24  Archon x2  
  137  16:47  High Templar  
  137  16:48  High Templar x2  
  137  16:49  Zealot x4  
  137  16:52  Archon  
  151  17:05  Dark Templar x2  
  151  17:06  Zealot  
  137  17:44  Stalker  
  137  17:45  Stalker x5  
  137  17:46  Stalker x3  
Tags
 
Add a new tag
Caveats
  • Supply blocks, unpowered buildings, or Contaminate may cause inaccurate times.
  • Supply counts are checked every 10 seconds.